[Event "42nd Olympiad Baku 2016 Women"]
[Site "Baku"]
[Date "2016.09.02"]
[Round "1.28"]
[White "Velieva, Hurma"]
[Black "Farnela, Nuzela Zacarias Mus"]
[Result "1-0"]
[ECO "C42"]
[WhiteElo "1994"]
[BlackElo "1350"]
[PlyCount "57"]
[EventDate "2016.??.??"]
[EventCountry "AZE"]
[WhiteTeam "Turkmenistan"]
[BlackTeam "Mosambik"]
[WhiteTeamCountry "TKM"]
[BlackTeamCountry "MOZ"]
[TimeControl "40/5400+30:1800+30"]
[WhiteClock "0:24:09"]
[BlackClock "0:06:20"]

1. e4 {(00:00} e5 {(00:00} 2. Nf3 {(00:00} Nf6 {
(00:00} 3. Nxe5 {(00:42} d6 {(00:31} 4. Nf3 {(
00:19} Nxe4 {(00:08} 5. d4 {(02:10} h6 {(01:23} 6. Bd3
{(00:36} Nf6 {(04:14} 7. h3 {(01:04} Be6 {(00:
27} 8. Bf4 {(01:43} Be7 {(02:21} 9. Nc3 {(02:48} c6 {
(04:04} 10. Qd2 {(03:19} Nbd7 {(03:07} 11. O-O {
(05:50} Nb6 {(01:43} 12. b3 {(04:23} d5 {(08:07]
} 13. Ne5 {(05:08} Bd6 {(02:03} 14. Qe3 {(06:07} Nfd7 {
(05:26} 15. Nxf7 {(08:43} Kxf7 {(08:33} 16. Bxd6 {
(00:21} Qf6 {(04:01} 17. f4 {(12:39} Kg8 {(13:
30} 18. Rae1 {(04:17} Re8 {(10:54} 19. Be5 {(08:03}
Nxe5 {(03:52} 20. dxe5 {(00:35} Qd8 {(04:33} 21. Qg3 {
(02:35} Rf8 {(05:30} 22. f5 {(01:45} Bc8 {(04:
12} 23. f6 {(04:11} g5 {(01:12} 24. h4 {(01:30} g4 {
(01:32} 25. e6 {(00:43} Rxf6 {(04:15} 26. Qxg4+ {
(00:08} Kf8 {(00:22} 27. Rxf6+ {(00:09} Qxf6 {(
00:24} 28. Rf1 {(00:03} Qxf1+ {(01:16} 29. Kxf1 1-0

[Event "42nd Olympiad Baku 2016 Women"]
[Site "Baku"]
[Date "2016.09.02"]
[Round "1.5"]
[White "Videnova, Iva"]
[Black "Richards, Deborah"]
[Result "1-0"]
[ECO "B40"]
[WhiteElo "2386"]
[BlackElo "2023"]
[PlyCount "91"]
[EventDate "2016.??.??"]
[EventCountry "AZE"]
[WhiteTeam "Bulgarien"]
[BlackTeam "Jamaika"]
[WhiteTeamCountry "BUL"]
[BlackTeamCountry "JAM"]
[TimeControl "40/5400+30:1800+30"]
[WhiteClock "0:31:31"]
[BlackClock "0:32:11"]

1. e4 {(00:00} c5 {(00:00} 2. Nf3 {(00:00} e6 {(
00:10} 3. d4 {(00:01} cxd4 {(00:05} 4. Nxd4 {(00:07}
Nf6 {(00:12} 5. Nc3 {(00:10} Nc6 {(02:37} 6. a3 {
(00:15} Be7 {(03:26} 7. Be3 {(08:38} O-O {(07:
01} 8. Be2 {(01:23} d6 {(03:02} 9. O-O {(03:16} Bd7 {
(16:46} 10. f4 {(03:32} Nxd4 {(02:24} 11. Qxd4 {
(00:38} Bc6 {(00:49} 12. Rad1 {(04:43} Qc7 {(16:
33} 13. Bf3 {(07:54} Rfd8 {(04:12} 14. Qd2 {(04:14} d5
{(16:11} 15. exd5 {(11:49} Nxd5 {(00:11} 16. Bd4 {
(15:33} Nf6 {(07:09} 17. Ne2 {(12:06} Bxf3 {(11:
39} 18. Rxf3 {(00:22} Rd5 {(00:14} 19. Rc3 {(05:41}
Qd7 {(00:44} 20. Rd3 {(00:18} Rd8 {(03:43} 21. Bxa7 {
(04:45} Qa4 {(02:34} 22. Bd4 {(07:53} Qc4 {(00:
41} 23. Qc3 {(04:42} Qb5 {(00:30} 24. Qd2 {(00:27} Qc4
{(00:18} 25. b3 {(00:50} Qc6 {(00:37} 26. a4 {(
00:45} R5d7 {(00:36} 27. Qc3 {(01:54} Qe4 {(00:26} 28.
Bxf6 {(00:45} Rxd3 {(00:27} 29. Rxd3 {(00:17} Bxf6 {
(00:34} 30. Rxd8+ {(00:36} Bxd8 {(00:21} 31. Qd4 {
(01:11} Qxd4+ {(00:20} 32. Nxd4 {(00:07} Kf8 {(
00:39} 33. Kf2 {(00:21} Ke7 {(00:16} 34. Ke3 {(00:14}
g6 {(00:22} 35. b4 {(00:14} Kd6 {(00:47} 36. c4 {
(00:52} b6 {(00:35} 37. Nf3 {(00:41} Bf6 {(00:
32} 38. Ng5 {(00:51} Bxg5 {(00:39} 39. fxg5 {(00:07}
Ke5 {(00:27} 40. a5 {(00:00} bxa5 {(00:00} 41. bxa5 {
(00:22} Kd6 {(00:26} 42. a6 {(01:38} Kc7 {(00:
17} 43. c5 {(00:09} Kc6 {(00:36} 44. Ke4 {(00:07} Kc7
{(00:07} 45. Ke5 {(00:08} Kc6 {(00:04} 46. a7 {(
00:53} 1-0

[Event "42nd Olympiad Baku 2016 Women"]
[Site "Baku"]
[Date "2016.09.02"]
[Round "1.25"]
[White "Vilhete, Vania Fausto Da T"]
[Black "Geldiyeva, Mahri"]
[Result "0-1"]
[ECO "C01"]
[WhiteElo "1741"]
[BlackElo "2285"]
[PlyCount "64"]
[EventDate "2016.??.??"]
[EventCountry "AZE"]
[WhiteTeam "Mosambik"]
[BlackTeam "Turkmenistan"]
[WhiteTeamCountry "MOZ"]
[BlackTeamCountry "TKM"]
[TimeControl "40/5400+30:1800+30"]
[WhiteClock "0:08:06"]
[BlackClock "0:40:55"]

1. e4 {(00:00} e6 {(00:00} 2. d4 {(00:00} d5 {(
00:00} 3. exd5 {(00:00} exd5 {(00:00} 4. Bd3 {(00:07}
Bd6 {(01:06} 5. Nf3 {(03:47} Nf6 {(03:19} 6. O-O {
(00:17} O-O {(00:15} 7. Bg5 {(03:56} Bg4 {(00:
38} 8. h3 {(01:42} Bh5 {(00:42} 9. Re1 {(04:51} c6 {
(00:42} 10. Nbd2 {(05:14} Nbd7 {(00:48} 11. c3 {
(01:02} Qc7 {(00:49} 12. Qc2 {(03:24} Bg6 {(03:
52} 13. Bxf6 {(09:05} Nxf6 {(01:50} 14. Ne5 {(04:06}
Rfe8 {(05:29} 15. Ndf3 {(01:22} Be4 {(01:32} 16. Qd2 {
(12:10} c5 {(04:40} 17. Bb5 {(07:54} Re7 {(01:
56} 18. Qg5 {(07:31} Qb6 {(04:08} 19. dxc5 {(05:39}
Bxc5 {(00:57} 20. Nd4 {(01:50} Bxd4 {(04:30} 21. cxd4 {
(03:15} Qxb5 {(00:17} 22. Ng4 {(01:18} Re6 {(07:
46} 23. Nxf6+ {(03:05} Rxf6 {(00:02} 24. Rxe4 {(00:49}
h6 {(01:52} 25. Qh5 {(02:12} Qxb2 {(00:19} 26. Ree1 {
(00:43} Qxf2+ {(00:38} 27. Kh1 {(00:24} Rd8 {(
00:34} 28. Qd1 {(08:52} Qg3 {(09:06} 29. Qa4 {(01:33}
Rf2 {(03:58} 30. Rg1 {(00:09} Rc8 {(02:10} 31. Qd7 {
(01:07} Rcc2 {(00:28} 32. Qxd5 {(00:30} Qxh3+ {(
00:42} 0-1

[Event "42nd Olympiad Baku 2016 Women"]
[Site "Baku"]
[Date "2016.09.02"]
[Round "1.24"]
[White "Vujnovic, Patricija"]
[Black "Vongvastana, Chananchida"]
[Result "1-0"]
[ECO "D00"]
[WhiteElo "2137"]
[BlackElo "1594"]
[PlyCount "71"]
[EventDate "2016.??.??"]
[EventCountry "AZE"]
[WhiteTeam "Kroatien"]
[BlackTeam "Thailand"]
[WhiteTeamCountry "CRO"]
[BlackTeamCountry "THA"]
[TimeControl "40/5400+30:1800+30"]
[WhiteClock "0:21:26"]
[BlackClock "0:01:17"]

1. d4 {(00:00} d5 {(00:00} 2. Bf4 {(00:00} Nf6 {
(00:00} 3. e3 {(00:00} c5 {(05:08} 4. Nf3 {(06:
01} Qb6 {(04:07} 5. Nc3 {(01:08} Bd7 {(17:56} 6. Rb1 {
(03:38} e6 {(12:13} 7. Be2 {(09:46} Be7 {(09:55]
} 8. O-O {(04:38} O-O {(00:52} 9. Ne5 {(00:52} Be8 {
(06:36} 10. dxc5 {(05:19} Bxc5 {(00:58} 11. Bd3 {
(01:53} Bd6 {(04:15} 12. Ng4 {(08:11} Nxg4 {(10:
24} 13. Qxg4 {(00:29} Bxf4 {(01:00} 14. Qxf4 {(04:41}
Qd8 {(04:05} 15. e4 {(01:59} dxe4 {(04:43} 16. Nxe4 {
(02:03} Bc6 {(01:29} 17. Rbd1 {(04:38} Qe7 {(01:
41} 18. Rfe1 {(02:06} Nd7 {(01:50} 19. Ng3 {(08:29}
Qf6 {(01:58} 20. Qc1 {(04:33} Nc5 {(02:48} 21. Bf1 {
(02:01} Rad8 {(00:42} 22. b4 {(01:49} Na4 {(01:
48} 23. Rxd8 {(02:39} Rxd8 {(00:22} 24. b5 {(00:08}
Bd5 {(01:20} 25. c4 {(00:37} Rc8 {(01:36} 26. Qa3 {
(01:49} Bxc4 {(02:18} 27. Qxa4 {(00:07} Bxf1 {(
00:16} 28. Rxf1 {(00:39} Qb2 {(00:24} 29. Qxa7 {(01:08]
} Qxb5 {(00:19} 30. Qd4 {(00:12} h6 {(00:31} 31. a4 {
(00:22} Qb3 {(01:20} 32. Nh5 {(02:08} f6 {(01:
11} 33. Qd7 {(01:45} Kf8 {(01:27} 34. Qxg7+ {(00:37}
Ke8 {(00:17} 35. Nxf6+ {(00:06} Kd8 {(00:24} 36. Qd7# {
(00:03} 1-0

[Event "42nd Olympiad Baku 2016 Women"]
[Site "Baku"]
[Date "2016.09.02"]
[Round "1.22"]
[White "Vukikomoala, Hilda"]
[Black "Vangsgaard, Freja"]
[Result "0-1"]
[ECO "B19"]
[WhiteElo "1455"]
[BlackElo "1983"]
[PlyCount "58"]
[EventDate "2016.??.??"]
[EventCountry "AZE"]
[WhiteTeam "Fidschi"]
[BlackTeam "Dänemark"]
[WhiteTeamCountry "FIJ"]
[BlackTeamCountry "DEN"]
[TimeControl "40/5400+30:1800+30"]
[WhiteClock "0:09:01"]
[BlackClock "0:10:51"]

1. e4 {(00:00} c6 {(00:00} 2. d4 {(00:02} d5 {(
00:00} 3. Nc3 {(00:10} dxe4 {(00:27} 4. Nxe4 {(00:09}
Bf5 {(00:30} 5. Ng3 {(00:24} Bg6 {(00:18} 6. h4 {
(00:19} h6 {(00:19} 7. Nf3 {(00:24} Nd7 {(00:21]
} 8. Bd3 {(00:23} Bxd3 {(00:57} 9. Qxd3 {(00:29} e6 {
(00:41} 10. Bd2 {(01:09} Ngf6 {(00:24} 11. O-O-O {
(02:38} Be7 {(00:45} 12. Ne4 {(02:14} Nxe4 {(00:
51} 13. Qxe4 {(00:10} Nf6 {(01:05} 14. Qd3 {(01:19}
O-O {(03:35} 15. Kb1 {(12:47} b5 {(15:07} 16. Qe2 {
(30:14} Qd5 {(13:48} 17. Rde1 {(04:35} a5 {(08:
49} 18. Rhg1 {(05:48} c5 {(10:09} 19. dxc5 {(02:50}
Qxc5 {(05:04} 20. g4 {(01:40} Nd5 {(05:42} 21. g5 {
(06:35} Rac8 {(06:04} 22. Rc1 {(05:56} hxg5 {(
05:36} 23. hxg5 {(02:32} Qc4 {(01:54} 24. Qe5 {(03:16}
Qc7 {(02:52} 25. Qe2 {(03:11} b4 {(05:17} 26. g6 {
(04:16} Nc3+ {(02:13} 27. bxc3 {(00:10} bxc3 {(
00:10} 28. Be3 {(01:38} Qb7+ {(00:36} 29. Ka1 {(00:11}
Qb2# {(00:05} 0-1

[Event "42nd Olympiad Baku 2016 Women"]
[Site "Baku"]
[Date "2016.09.02"]
[Round "1.27"]
[White "Wafa, Shahenda"]
[Black "Wasif, Zenobia"]
[Result "1-0"]
[ECO "C41"]
[WhiteElo "2113"]
[BlackElo "1566"]
[PlyCount "59"]
[EventDate "2016.??.??"]
[EventCountry "AZE"]
[WhiteTeam "Ägypten"]
[BlackTeam "Pakistan"]
[WhiteTeamCountry "EGY"]
[BlackTeamCountry "PAK"]
[TimeControl "40/5400+30:1800+30"]
[WhiteClock "0:43:23"]
[BlackClock "0:07:23"]

1. e4 {(00:00} e5 {(00:00} 2. Nf3 {(00:00} d6 {(
00:00} 3. d4 {(00:00} exd4 {(00:12} 4. Qxd4 {(00:00}
Nc6 {(00:40} 5. Bb5 {(00:07} Bd7 {(00:34} 6. Bxc6 {
(00:13} Bxc6 {(00:12} 7. Nc3 {(00:35} Nf6 {(00:
28} 8. Bg5 {(01:58} Be7 {(00:33} 9. O-O-O {(02:17} h6
{(04:19} 10. Bh4 {(02:31} O-O {(02:34} 11. Rhe1 {
(15:10} Bd7 {(14:07} 12. h3 {(05:08} c5 {(06:17]
} 13. Qd3 {(07:51} Be6 {(02:17} 14. g4 {(04:18} g5 {
(10:58} 15. Bg3 {(00:53} Ne8 {(00:16} 16. Nd5 {(
03:35} Bxd5 {(07:02} 17. Qxd5 {(00:12} Qb6 {(03:33}
18. h4 {(03:17} Nc7 {(03:29} 19. Qf5 {(05:28} Ne6 {
(06:30} 20. hxg5 {(00:29} Ng7 {(01:12} 21. Qd5 {
(00:40} hxg5 {(01:04} 22. Nxg5 {(00:08} Bf6 {(
01:39} 23. c3 {(00:17} Rad8 {(03:05} 24. Rh1 {(01:51}
Qc6 {(09:22} 25. Nh7 {(00:49} Be5 {(06:37} 26. f4 {
(01:01} Ne6 {(06:37} 27. fxe5 {(00:32} dxe5 {(
00:22} 28. Qxc6 {(00:21} bxc6 {(00:28} 29. Nxf8 {(01:
20} Kxf8 {(02:40} 30. Rxd8+ {(00:36} 1-0

[Event "42nd Olympiad Baku 2016 Women"]
[Site "Baku"]
[Date "2016.09.02"]
[Round "1.1"]
[White "Worek, Joanna"]
[Black "Lebel-Arias, Julia"]
[Result "1-0"]
[ECO "A40"]
[WhiteElo "2360"]
[BlackElo "1802"]
[PlyCount "65"]
[EventDate "2016.??.??"]
[EventCountry "AZE"]
[WhiteTeam "Tschechien"]
[BlackTeam "Monaco"]
[WhiteTeamCountry "CZE"]
[BlackTeamCountry "MNC"]
[TimeControl "40/5400+30:1800+30"]
[WhiteClock "0:18:44"]
[BlackClock "0:01:26"]

1. d4 {(00:00} g6 {(00:00} 2. c4 {(00:00} Bg7 {(
00:00} 3. e4 {(00:03} d6 {(00:14} 4. Nc3 {(01:00} c6 {
(02:43} 5. Be3 {(05:45} Nd7 {(01:30} 6. Nf3 {(
02:17} e5 {(05:56} 7. Be2 {(02:19} Qe7 {(01:04} 8. Qd2
{(04:35} h6 {(02:02} 9. d5 {(05:23} c5 {(01:28}
10. Nb5 {(01:05} Ndf6 {(02:41} 11. Bd3 {(21:56} b6 {
(06:19} 12. b4 {(02:25} Ba6 {(03:45} 13. bxc5 {(
01:15} bxc5 {(07:21} 14. a4 {(04:20} Bxb5 {(08:20} 15.
axb5 {(00:10} Nd7 {(00:46} 16. Qa5 {(03:41} Qd8 {
(02:34} 17. O-O {(03:59} Bf6 {(03:26} 18. Qd2 {(
02:07} Kf8 {(00:33} 19. Ra3 {(00:30} Nb6 {(07:24} 20.
Qa2 {(04:32} Qd7 {(02:09} 21. Ra6 {(01:57} Qb7 {
(06:21} 22. Ra1 {(02:16} Nc8 {(01:33} 23. Nd2 {(
00:38} Bd8 {(03:44} 24. f4 {(02:57} Bf6 {(03:58} 25.
Rf1 {(01:04} Kg7 {(00:56} 26. Nf3 {(01:18} exf4 {
(06:27} 27. Bxf4 {(00:12} Qe7 {(01:25} 28. Qf2 {
(02:54} Nb6 {(08:41} 29. Qg3 {(03:56} Nxc4 {(02:
26} 30. Bxc4 {(00:25} Qxe4 {(00:12} 31. Nd2 {(01:31}
Bd4+ {(04:41} 32. Kh1 {(00:15} Qc2 {(03:55} 33. Bd3 {
(01:01} 1-0

[Event "42nd Olympiad Baku 2016 Women"]
[Site "Baku"]
[Date "2016.09.02"]
[Round "1.6"]
[White "Yearwood, Shannon"]
[Black "Velikic, Adela"]
[Result "0-1"]
[ECO "B13"]
[WhiteElo "1662"]
[BlackElo "2260"]
[PlyCount "74"]
[EventDate "2016.??.??"]
[EventCountry "AZE"]
[WhiteTeam "TTO"]
[BlackTeam "Serbien"]
[BlackTeamCountry "SRB"]
[TimeControl "40/5400+30:1800+30"]
[WhiteClock "0:06:07"]
[BlackClock "0:16:49"]

1. e4 {(00:00} c6 {(00:00} 2. d4 {(00:00} d5 {(
00:00} 3. exd5 {(00:00} cxd5 {(00:00} 4. c4 {(00:00}
Nf6 {(00:00} 5. Nc3 {(00:00} Nc6 {(00:00} 6. Nf3 {
(00:11} e6 {(00:10} 7. a3 {(01:54} Be7 {(01:44}
8. Be2 {(04:51} O-O {(00:19} 9. O-O {(00:19} b6 {
(08:45} 10. h3 {(07:00} Bb7 {(04:01} 11. Be3 {(
02:16} dxc4 {(05:18} 12. Bxc4 {(01:52} Rc8 {(01:35}
13. Rc1 {(03:58} Nxd4 {(23:16} 14. Nxd4 {(10:41} Rxc4 {
(00:12} 15. Qd3 {(01:34} Rc8 {(02:05} 16. Rfd1 {
(02:39} Nd5 {(03:55} 17. Nxd5 {(10:07} Qxd5 {(
00:34} 18. Nf3 {(05:02} Qxd3 {(04:16} 19. Rxd3 {(00:18]
} Rxc1+ {(01:12} 20. Bxc1 {(00:09} Rc8 {(00:36} 21. Be3
{(02:32} Bd5 {(01:58} 22. Nd4 {(04:32} a6 {(12:
56} 23. b4 {(06:01} Kf8 {(03:28} 24. Nf5 {(05:19} Bf6
{(04:58} 25. Kh2 {(20:02} Be4 {(06:01} 26. Nd6 {
(00:47} Rd8 {(01:08} 27. Nxe4 {(03:44} Rxd3 {(
00:09} 28. Nxf6 {(00:13} gxf6 {(00:07} 29. Bxb6 {(00:
33} Rxa3 {(01:35} 30. Bc5+ {(00:11} Ke8 {(00:09} 31.
g3 {(01:12} Rb3 {(00:09} 32. h4 {(00:26} Kd7 {(
00:06} 33. Kh3 {(00:56} Kc6 {(00:06} 34. Be7 {(00:14}
f5 {(00:09} 35. Bf8 {(00:41} Kb5 {(00:08} 36. Kg2 {
(00:35} Rxb4 {(00:06} 37. Bxb4 {(01:34} Kxb4 0-1

[Event "42nd Olympiad Baku 2016 Women"]
[Site "Baku"]
[Date "2016.09.02"]
[Round "1.2"]
[White "Yuan, Yuanling"]
[Black "Adhikari, Ashmita"]
[Result "1-0"]
[ECO "C65"]
[WhiteElo "2205"]
[BlackElo "1632"]
[PlyCount "69"]
[EventDate "2016.??.??"]
[EventCountry "AZE"]
[WhiteTeam "Kanada"]
[BlackTeam "Nepal"]
[WhiteTeamCountry "CAN"]
[BlackTeamCountry "NEP"]
[TimeControl "40/5400+30:1800+30"]
[WhiteClock "0:09:20"]
[BlackClock "0:02:12"]

1. e4 {(00:00} e5 {(00:00} 2. Nf3 {(00:00} Nc6 {
(00:00} 3. Bb5 {(00:00} Nf6 {(00:25} 4. O-O {(
00:27} Be7 {(01:29} 5. Re1 {(00:39} d6 {(02:29} 6. c3
{(04:16} a6 {(01:36} 7. Ba4 {(00:15} b5 {(01:44]
} 8. Bc2 {(02:17} Bg4 {(01:58} 9. h3 {(04:37} Bh5 {
(02:09} 10. d3 {(00:56} O-O {(01:40} 11. Nbd2 {(
04:09} Qd7 {(02:39} 12. Nf1 {(00:42} h6 {(03:03} 13.
Ng3 {(00:27} Bg6 {(00:53} 14. d4 {(06:26} exd4 {
(01:45} 15. cxd4 {(08:06} Rad8 {(01:13} 16. Nh4 {
(14:16} Bh7 {(04:40} 17. Nhf5 {(00:18} Kh8 {(16:
11} 18. Be3 {(06:21} Ng8 {(08:50} 19. Qg4 {(10:37} g5
{(07:42} 20. f4 {(02:54} Bxf5 {(08:52} 21. Nxf5 {
(00:26} f6 {(04:16} 22. h4 {(01:54} Rf7 {(05:35]
} 23. hxg5 {(03:18} fxg5 {(00:39} 24. d5 {(04:35} Nb8 {
(06:45} 25. fxg5 {(01:06} Bxg5 {(03:56} 26. Bxg5 {
(00:59} hxg5 {(01:53} 27. Re3 {(02:27} Nf6 {(02:
02} 28. Qxg5 {(00:55} Nh7 {(00:21} 29. Qh4 {(00:48}
Qe8 {(01:44} 30. Rg3 {(05:26} Nd7 {(02:14} 31. e5 {
(05:57} dxe5 {(02:10} 32. Ng7 {(02:04} Rxg7 {(
02:18} 33. Rxg7 {(00:06} Ndf6 {(01:21} 34. Rxh7+ {(00:
12} Kg8 {(00:16} 35. Qxf6 {(00:14} 1-0

[Event "42nd Olympiad Baku 2016 Women"]
[Site "Baku"]
[Date "2016.09.02"]
[Round "1.4"]
[White "Zairbek kyzy, Begimay"]
[Black "Wozniak, Mariola"]
[Result "0-1"]
[ECO "B22"]
[WhiteElo "1836"]
[BlackElo "2246"]
[PlyCount "74"]
[EventDate "2016.??.??"]
[EventCountry "AZE"]
[WhiteTeam "Kirgistan"]
[BlackTeam "Polen"]
[WhiteTeamCountry "KGZ"]
[BlackTeamCountry "POL"]
[TimeControl "40/5400+30:1800+30"]
[WhiteClock "0:03:54"]
[BlackClock "0:16:16"]

1. e4 {(00:00} c5 {(00:00} 2. c3 {(00:24} d6 {(
00:00} 3. d4 {(00:47} Nf6 {(00:27} 4. Bd3 {(01:25} g6
{(00:33} 5. Ne2 {(02:02} Bg7 {(00:36} 6. h3 {(
00:45} O-O {(00:59} 7. Be3 {(00:53} Qc7 {(08:14} 8.
Nd2 {(01:24} b6 {(01:10} 9. O-O {(08:36} Bb7 {(
01:30} 10. d5 {(01:11} e6 {(03:55} 11. c4 {(03:39}
Nbd7 {(01:54} 12. f4 {(02:03} Rae8 {(03:28} 13. Rf3 {
(06:53} Re7 {(09:24} 14. Bf2 {(14:48} Rfe8 {(07:
14} 15. Nc3 {(08:36} a6 {(07:45} 16. a4 {(03:54} Nf8 {
(09:34} 17. Bh4 {(04:14} h6 {(09:24} 18. Qf1 {(
04:09} Rd7 {(04:30} 19. Re1 {(09:32} Nh5 {(03:26} 20.
g4 {(06:44} Nxf4 {(00:43} 21. Rxf4 {(01:03} g5 {
(00:04} 22. Bxg5 {(01:44} hxg5 {(00:05} 23. Rf3 {
(00:15} Ng6 {(01:18} 24. Bb1 {(03:16} Rde7 {(01:
52} 25. dxe6 {(02:16} fxe6 {(00:26} 26. Qd3 {(00:40}
Bd4+ {(03:44} 27. Kh1 {(02:24} Ne5 {(00:06} 28. Qc2 {
(01:01} Nxf3 {(01:23} 29. Nxf3 {(00:13} Rf7 {(
00:43} 30. Nxd4 {(04:30} cxd4 {(00:07} 31. Ne2 {(00:21]
} Rf3 {(02:46} 32. Ng1 {(00:40} Rf4 {(00:38} 33. Qd3 {
(01:10} Qc5 {(02:11} 34. Kh2 {(01:13} Rf2+ {(01:
03} 35. Kh1 {(01:00} Qe5 {(00:18} 36. Nf3 {(00:21} Qg3
{(00:14} 37. Qd1 Qxg4 0-1

[Event "42nd Olympiad Baku 2016 Women"]
[Site "Baku"]
[Date "2016.09.02"]
[Round "1.10"]
[White "Zaksaite, Salomeja"]
[Black "Comas Colon, Rinelly M"]
[Result "1-0"]
[ECO "B06"]
[WhiteElo "2298"]
[BlackElo "1773"]
[PlyCount "71"]
[EventDate "2016.??.??"]
[EventCountry "AZE"]
[WhiteTeam "Litauen"]
[BlackTeam "Puerto Rico"]
[WhiteTeamCountry "LTU"]
[BlackTeamCountry "PUR"]
[TimeControl "40/5400+30:1800+30"]
[WhiteClock "0:04:02"]
[BlackClock "0:00:38"]

1. e4 {(00:00} g6 {(00:00} 2. d4 {(00:00} Bg7 {(
00:00} 3. Nc3 {(00:12} d6 {(00:34} 4. Be3 {(00:48} Nf6
{(00:38} 5. Nf3 {(00:17} O-O {(00:33} 6. Be2 {(
00:11} Bg4 {(04:17} 7. h3 {(01:22} Bxf3 {(00:55} 8.
Bxf3 {(00:05} c6 {(01:26} 9. O-O {(02:53} e5 {(
04:28} 10. a4 {(06:13} a5 {(06:39} 11. Qd2 {(03:53}
Re8 {(10:25} 12. Rad1 {(17:59} Na6 {(08:13} 13. g3 {
(15:01} Qe7 {(09:10} 14. Bg2 {(01:08} Nc7 {(14:
07} 15. f4 {(03:52} exf4 {(06:44} 16. gxf4 {(00:45}
Nh5 {(03:58} 17. Qf2 {(22:20} Bf6 {(05:50} 18. Bf3 {
(04:54} Bh4 {(05:28} 19. Qg2 {(01:13} Ng3 {(00:
28} 20. Rfe1 {(01:09} Nxe4 {(06:35} 21. Bxe4 {(02:04}
Bxe1 {(00:19} 22. Rxe1 {(00:01} d5 {(00:49} 23. Bd3 {
(00:47} Qh4 {(01:12} 24. Re2 {(00:18} Ne6 {(01:
00} 25. Qg4 {(02:00} Qxg4+ {(02:12} 26. hxg4 {(00:04}
Ng7 {(01:38} 27. f5 {(00:53} Rad8 {(01:49} 28. Kf2 {
(00:37} Rd7 {(01:08} 29. Kf3 {(00:23} Rd6 {(02:
02} 30. Rh2 {(01:54} h5 {(00:58} 31. Bf4 {(05:00}
hxg4+ {(00:31} 32. Kxg4 {(00:44} gxf5+ {(01:16} 33.
Bxf5 {(00:32} Nxf5 {(00:26} 34. Kxf5 {(00:04} Rg6 {
(00:38} 35. Be5 {(01:27} Kf8 {(00:26} 36. Ne2 {(
02:55} 1-0

[Event "42nd Olympiad Baku 2016 Women"]
[Site "Baku"]
[Date "2016.09.02"]
[Round "1.3"]
[White "Zavala Galindo, Alejandra Beatri"]
[Black "Linares Napoles, Oleiny"]
[Result "0-1"]
[ECO "B00"]
[WhiteElo "1766"]
[BlackElo "2276"]
[PlyCount "54"]
[EventDate "2016.??.??"]
[EventCountry "AZE"]
[WhiteTeam "El Salvador"]
[BlackTeam "Kuba"]
[WhiteTeamCountry "ESA"]
[BlackTeamCountry "CUB"]
[TimeControl "40/5400+30:1800+30"]
[WhiteClock "0:08:00"]
[BlackClock "0:10:16"]

1. e4 {(00:00} d6 {(01:30} 2. d4 {(00:14} g6 {(
00:08} 3. Nc3 {(00:55} c6 {(00:29} 4. f4 {(00:51} d5 {
(00:15} 5. exd5 {(03:31} cxd5 {(00:31} 6. Nf3 {(
00:45} Bg4 {(02:40} 7. h3 {(02:07} Bxf3 {(00:46} 8.
Qxf3 {(00:09} e6 {(00:18} 9. Bd3 {(03:41} Nc6 {(
03:48} 10. Ne2 {(05:05} Bg7 {(04:02} 11. c3 {(01:05}
Nf6 {(02:37} 12. O-O {(06:45} Qc7 {(06:05} 13. Bd2 {
(07:59} O-O {(19:20} 14. Rae1 {(10:09} Nd7 {(19:
08} 15. Nc1 {(13:41} Qb6 {(06:43} 16. b3 {(03:59} f5 {
(03:15} 17. Kh1 {(09:05} Rfe8 {(02:02} 18. Re3 {
(03:14} Nf6 {(01:07} 19. Rfe1 {(00:53} Ne4 {(00:
25} 20. Bxe4 {(00:41} dxe4 {(00:35} 21. Qf2 {(02:51}
Rac8 {(02:52} 22. g4 {(09:42} Ne7 {(02:34} 23. Ne2 {
(01:17} Qc6 {(04:20} 24. Kh2 {(02:40} Nd5 {(01:
52} 25. Rg3 {(00:36} b5 {(01:42} 26. Rc1 {(01:59} Qa6
{(01:33} 27. Rc2 {(01:36} Nb4 {(02:37} 0-1

[Event "42nd Olympiad Baku 2016 Women"]
[Site "Baku"]
[Date "2016.09.02"]
[Round "1.1"]
[White "Zawadzka, Jolanta"]
[Black "Samaganova, Alexandra"]
[Result "1-0"]
[ECO "B43"]
[WhiteElo "2429"]
[BlackElo "2048"]
[PlyCount "63"]
[EventDate "2016.??.??"]
[EventCountry "AZE"]
[WhiteTeam "Polen"]
[BlackTeam "Kirgistan"]
[WhiteTeamCountry "POL"]
[BlackTeamCountry "KGZ"]
[TimeControl "40/5400+30:1800+30"]
[WhiteClock "0:08:52"]
[BlackClock "0:00:53"]

1. e4 {(00:00} c5 {(00:00} 2. Nf3 {(00:00} e6 {(
00:10} 3. d4 {(00:04} cxd4 {(00:04} 4. Nxd4 {(00:05}
a6 {(00:18} 5. Nc3 {(00:13} Qc7 {(00:47} 6. Bd3 {
(00:27} Nf6 {(01:16} 7. O-O {(03:18} Nc6 {(03:
55} 8. Nxc6 {(01:54} dxc6 {(06:34} 9. f4 {(01:46} b5 {
(08:45} 10. e5 {(06:04} Nd7 {(03:52} 11. a4 {(
03:00} Bb7 {(05:08} 12. Kh1 {(16:44} Nc5 {(12:51} 13.
Qe2 {(10:07} g6 {(14:10} 14. Be3 {(03:00} Be7 {(
17:14} 15. Bxc5 {(08:33} Bxc5 {(00:08} 16. Ne4 {(00:07]
} Be7 {(01:12} 17. c4 {(00:35} bxc4 {(05:13} 18. Bxc4 {
(00:18} c5 {(00:23} 19. Nf6+ {(14:08} Bxf6 {(07:
12} 20. exf6 {(00:06} Qc6 {(00:18} 21. Qf2 {(08:52} h5
{(06:20} 22. Be2 {(01:51} Rc8 {(01:03} 23. Rac1 {
(01:42} Qb6 {(00:39} 24. b4 {(01:14} Qd8 {(02:
55} 25. Rxc5 {(01:52} Rb8 {(01:28} 26. b5 {(03:13}
Qxf6 {(00:20} 27. bxa6 {(00:17} Bd5 {(00:34} 28. a7 {
(05:57} Ra8 {(00:27} 29. Rxd5 {(00:42} exd5 {(
00:13} 30. Qc5 {(00:18} Qe6 {(00:59} 31. Bb5+ {(00:19}
Kd8 {(00:09} 32. Rd1 {(00:22} 1-0